 Dungeon Crawl Stone Soup version 0.31-a0-152-g6aa68a64a1 (webtiles) character file.

Game seed: 16258705734441042462

349 qw the Shooter (level 6, -12/57 HPs)
             Began as a Naga Hunter on June 11, 2023.
             Mangled by an ogre
             ... wielding a +0 giant spiked club
              (27 damage)
             ... on level 4 of the Dungeon.
             The game lasted 00:01:04 (2904 turns).

qw the Shooter (Naga Hunter)                        Turns: 2904, Time: 00:01:04

Health: -12/57     AC:  5    Str: 14    XL:     6   Next: 60%
Magic:  6/6        EV:  9    Int:  9    God:
Gold:   228        SH:  0    Dex: 16    Spells: 5/5 levels left

rFire   . . .        Y - +0 shortbow
rCold   . . .        (shield currently unavailable)
rNeg    . . .        c - +0 leather armour
rPois   +            e - +0 helmet
rElec   .            l - +0 cloak
rCorr   .            (no gloves)
SInv    +            (no barding)
Will    .....        i - amulet of faith
Stlth   ++           (no ring)
HPRegen 0.29/turn    (no ring)
MPRegen 0.10/turn

%: faith
@: short of breath, very slow
A: AC +2, large, see invisible, deformed body, poison resistance, slowness 2,
spit poison 1, naga tail 1
a: Spit Poison


You were on level 4 of the Dungeon.
You visited 1 branch of the dungeon, and saw 4 of its levels.

You collected 228 gold pieces.


Innate Abilities, Weirdness & Mutations

Your serpentine skin is tough. (AC +2)
You have supernaturally acute eyesight. (SInv)
Armour fits poorly on your strangely shaped body.
Your system is resistant to poisons. (rPois)
You cover ground very slowly.
You can spit poison.
You have a snake-like lower body.


   Skills:
 - Level 4.3 Fighting
 + Level 6.0 Ranged Weapons
 - Level 1.5 Dodging
 - Level 1.5 Stealth


You had 5 spell levels left.
You didn't know any spells.
Your spell library was empty.

Inventory:

Hand Weapons
 Y - a +0 shortbow (weapon)
Armour
 c - a +0 leather armour (worn)
 e - a +0 helmet (worn)
 l - a +0 cloak (worn)
Jewellery
 i - an amulet of faith (around neck)
 j - a ring of fire
Scrolls
 b - a scroll of identify
Potions
 a - a potion of degeneration {unknown}
 d - 3 potions of curing
 f - a potion of mutation {unknown}
 g - a potion of haste {unknown}

Dungeon Overview and Level Annotations

Branches:
Dungeon (4/15)
 Temple: D:4-7

Altars:


Message History

You shoot an arrow. The ball python hisses angrily.
The arrow hits the ogre.
The ogre is lightly wounded.
You shoot an arrow. The arrow barely misses the ogre.
The arrow hits the ball python!
You kill the ball python!
You have got your breath back.
A ball python comes into view.
2897 ||| INVOKING Spit Poison.
Aiming: Spit Poison (1% risk of failure)
Press: ? - help, Shift-Dir - straight line, f/p - ogre The splash of poison misses the ogre.
The ball python hisses angrily.
The ogre barely misses you.
You shoot an arrow. The arrow hits the ogre!
The ogre is moderately wounded.
You shoot an arrow. The arrow hits the ogre.
The ogre is heavily wounded.
The ogre hits you with a +0 giant spiked club!!
You shoot an arrow. The arrow hits the ogre.
The ogre is severely wounded.
The ogre barely misses you.
You shoot an arrow. The arrow barely misses the ogre.
The arrow barely misses the ball python.
The ogre barely misses you.
You shoot an arrow. The arrow hits the ogre.
The ogre is severely wounded.
You have got your breath back.
The ogre hits you with a +0 giant spiked club!!
2903 ||| INVOKING Spit Poison.
Aiming: Spit Poison (1% risk of failure)
Press: ? - help, Shift-Dir - straight line, f/p - ogre The splash of poison misses the ogre.
The splash of poison hits the ball python!
You kill the ball python!
You shoot an arrow. The arrow hits the ogre.
The ogre is almost dead.
The ogre hits you with a +0 giant spiked club!!
You die...

### # #### #... # #... 8#
#... ..# #... ####)..###
+... #.@O.....8 ###.
#.##8..... ## #.#
##########
####.####........#####
#.).....#.#...........
#.#####.#.#.##...##.##
######.......#.#..>.#....#
#.......#....<..###.#.####
#.####..#.##.#......#.#
###


You could see an ogre.

Vanquished Creatures
  Menkaure (D:4)
  A jelly (D:4)
  An iguana (D:4)
  3 gnolls (D:4)
  7 adders
  2 worms (D:2)
  A dart slug (D:1)
  3 orcs
  7 ball pythons
  4 bats
  8 endoplasms
  5 giant cockroaches
  9 goblins
  6 hobgoblins
  2 jackals (D:3)
  3 quokkas
  2 frilled lizards (D:2)
  8 kobolds
  3 rats
76 creatures vanquished.

Notes
Turn   | Place    | Note
-------+----------+-------------------------------------------
     0 | D:1      | qw the Naga Hunter began the quest for the Orb.
     0 | D:1      | Reached XP level 1. HP: 19/19 MP: 1/1
     0 | D:1      | 0 ||| qw: Version: 0.2-a-29-g7dc7884
     0 | D:1      | 0 ||| qw: Game counter: 4031
     0 | D:1      | 0 ||| qw: Always use a shield: true
     0 | D:1      | 0 ||| qw: God list: Okawaru
     0 | D:1      | 0 ||| qw: Allow faded altars: false
     0 | D:1      | 0 ||| qw: Do Orc after D:15 true
     0 | D:1      | 0 ||| qw: Do second Lair branch before Depths: true
     0 | D:1      | 0 ||| qw: Lair rune preference: random
     0 | D:1      | 0 ||| qw: Plans: Normal
     0 | D:1      | 0 ||| PLANNING D:1-11
    34 | D:1      | 34 ||| INVOKING Spit Poison.
    56 | D:1      | 56 ||| INVOKING Spit Poison.
   124 | D:1      | 124 ||| INVOKING Spit Poison.
   180 | D:1      | 180 ||| INVOKING Spit Poison.
   207 | D:1      | 207 ||| INVOKING Spit Poison.
   210 | D:1      | 210 ||| INVOKING Spit Poison.
   211 | D:1      | Reached skill level 4 in Ranged Weapons
   211 | D:1      | Reached XP level 2. HP: 26/26 MP: 2/2
   317 | D:1      | 317 ||| INVOKING Spit Poison.
   333 | D:1      | 333 ||| INVOKING Spit Poison.
   347 | D:1      | 347 ||| INVOKING Spit Poison.
   401 | D:1      | 401 ||| FLEEEEING.
   406 | D:1      | 406 ||| FLEEEEING.
   411 | D:1      | 411 ||| INVOKING Spit Poison.
   425 | D:1      | 425 ||| INVOKING Spit Poison.
   428 | D:1      | 428 ||| INVOKING Spit Poison.
   431 | D:1      | 431 ||| INVOKING Spit Poison.
   481 | D:1      | 481 ||| INVOKING Spit Poison.
   616 | D:1      | 616 ||| INVOKING Spit Poison.
   678 | D:1      | 678 ||| UPGRADING to amulet of faith.
   683 | D:1      | 683 ||| READING scroll labelled DASHRI KUTOK.
   684 | D:1      | 684 ||| DRINKING 2 fuming pink potions.
   685 | D:1      | 685 ||| DRINKING 2 black potions.
   686 | D:1      | 686 ||| DROPPING scroll of butterflies.
   691 | D:2      | 691 ||| INVOKING Spit Poison.
   694 | D:2      | 694 ||| INVOKING Spit Poison.
   696 | D:2      | Reached XP level 3. HP: 32/32 MP: 3/3
   762 | D:2      | 762 ||| INVOKING Spit Poison.
   769 | D:2      | 769 ||| INVOKING Spit Poison.
   774 | D:2      | 774 ||| INVOKING Spit Poison.
   780 | D:2      | 780 ||| INVOKING Spit Poison.
   781 | D:2      | 781 ||| INVOKING Spit Poison.
   782 | D:2      | HP: 6/32 [adder (3)]
   783 | D:2      | 783 ||| DRINKING potion of heal wounds.
   787 | D:2      | HP: 8/32 [poisoned by an adder]
   788 | D:2      | 788 ||| INVOKING Spit Poison.
   789 | D:2      | HP: 3/32 [frozen (3)]
   926 | D:2      | 926 ||| INVOKING Spit Poison.
   936 | D:2      | 936 ||| INVOKING Spit Poison.
   942 | D:2      | 942 ||| INVOKING Spit Poison.
   967 | D:2      | 967 ||| INVOKING Spit Poison.
   972 | D:2      | 972 ||| INVOKING Spit Poison.
  1025 | D:2      | 1025 ||| INVOKING Spit Poison.
  1060 | D:2      | 1060 ||| INVOKING Spit Poison.
  1078 | D:2      | 1078 ||| INVOKING Spit Poison.
  1093 | D:2      | Reached skill level 5 in Ranged Weapons
  1223 | D:2      | 1223 ||| UPGRADING to +0 helmet.
  1228 | D:2      | 1228 ||| READING scroll labelled LAD GAELUUZ.
  1232 | D:2      | 1232 ||| READING 2 scrolls of identify.
  1232 | D:2      | 1232 ||| IDENTIFYING murky yellow potion
  1233 | D:2      | 1233 ||| DROPPING potion of attraction.
  1289 | D:3      | 1289 ||| INVOKING Spit Poison.
  1290 | D:3      | Reached XP level 4. HP: 39/39 MP: 4/4
  1292 | D:3      | 1292 ||| INVOKING Spit Poison.
  1300 | D:3      | 1300 ||| INVOKING Spit Poison.
  1321 | D:3      | 1321 ||| INVOKING Spit Poison.
  1347 | D:3      | 1347 ||| INVOKING Spit Poison.
  1352 | D:3      | 1352 ||| INVOKING Spit Poison.
  1437 | D:3      | 1437 ||| INVOKING Spit Poison.
  1443 | D:3      | 1443 ||| INVOKING Spit Poison.
  1464 | D:3      | 1464 ||| INVOKING Spit Poison.
  1552 | D:3      | 1552 ||| INVOKING Spit Poison.
  1556 | D:3      | Reached skill level 3 in Fighting
  1884 | D:3      | 1884 ||| UPGRADING to +0 cloak.
  1889 | D:3      | 1889 ||| DROPPING ring of magical power.
  1890 | D:3      | 1890 ||| READING scroll labelled ATEOMABBOK.
  1891 | D:3      | 1891 ||| READING scroll labelled YNLIKE ATIN.
  1892 | D:3      | 1892 ||| READING scroll labelled SUPRAP QECKOC.
  1893 | D:3      | 1893 ||| READING 2 scrolls of identify.
  1893 | D:3      | 1893 ||| IDENTIFYING purple potion
  1894 | D:3      | 1894 ||| DROPPING potion of brilliance.
  1948 | D:4      | Reached XP level 5. HP: 49/49 MP: 5/5
  1964 | D:4      | 1964 ||| INVOKING Spit Poison.
  1969 | D:4      | 1969 ||| INVOKING Spit Poison.
  1984 | D:4      | 1984 ||| INVOKING Spit Poison.
  2024 | D:4      | 2024 ||| INVOKING Spit Poison.
  2030 | D:4      | 2030 ||| INVOKING Spit Poison.
  2054 | D:4      | 2054 ||| INVOKING Spit Poison.
  2060 | D:4      | 2060 ||| INVOKING Spit Poison.
  2065 | D:4      | 2065 ||| INVOKING Spit Poison.
  2071 | D:4      | 2071 ||| INVOKING Spit Poison.
  2074 | D:4      | 2074 ||| INVOKING Spit Poison.
  2075 | D:4      | HP: 12/49 [gnoll/+0 spear (5)]
  2267 | D:4      | 2267 ||| INVOKING Spit Poison.
  2319 | D:4      | 2319 ||| INVOKING Spit Poison.
  2322 | D:4      | 2322 ||| INVOKING Spit Poison.
  2433 | D:4      | 2433 ||| INVOKING Spit Poison.
  2442 | D:4      | 2442 ||| INVOKING Spit Poison.
  2446 | D:4      | 2446 ||| INVOKING Spit Poison.
  2448 | D:4      | Reached skill level 6 in Ranged Weapons
  2448 | D:4      | Reached XP level 6. HP: 45/56 MP: 6/6
  2650 | D:4      | 2650 ||| INVOKING Spit Poison.
  2680 | D:4      | Noticed Menkaure
  2688 | D:4      | HP: 14/56 [??? (12)]
  2689 | D:4      | Killed Menkaure
  2837 | D:4      | 2837 ||| INVOKING Spit Poison.
  2890 | D:4      | 2890 ||| INVOKING Spit Poison.
  2894 | D:4      | 2894 ||| INVOKING Spit Poison.
  2897 | D:4      | 2897 ||| INVOKING Spit Poison.
  2902 | D:4      | HP: 14/57 [ogre/+0 giant spiked club (21)]
  2903 | D:4      | 2903 ||| INVOKING Spit Poison.
  2904 | D:4      | Mangled by an ogre

Levels and vault maps discovered:
D:1:      tarquinn_simple_flora_water_b, layout_loops_ring
D:2:      layout_rooms, minivault_25
D:3:      layout_basic
D:4:      layout_loops_cross, nicolae_nh_oracle_at_delphi, uniq_menkaure

Skill      XL: |  1  2  3  4  5  6 |
---------------+-------------------+-----
Ranged Weapons | 4 5 6 |  6.0
Fighting       | 3 4 |  4.3
Dodging        | |  1.5
Stealth        | |  1.5

Action                     |  1- 3 |  4- 6 || total
---------------------------+-------+-------++-------
   Fire: Shortbow          |    75 |    90 ||   165
Ability: Spit Poison       |    31 |    31 ||    62
    Use: Potion            |     3 |       ||     3
         Scroll            |     3 |     4 ||     7
 Armour: Leather armour    |     8 |     6 ||    14
  Dodge: Dodged            |    29 |    23 ||    52

Table legend:
 A = Non-vault XP
 B = Vault XP
 C = Vault XP percentage of total XP
 D = Non-vault monster count
 E = Vault monster count
 F = Vault count percentage of total count
                 A         B        C        D         E       F
            +---------+---------+-------+---------+---------+-------
      Total |     331 |     168 |  33.7 |      73 |       3 |   3.9
            +---------+---------+-------+---------+---------+-------
        D:1 |      30 |       0 |   0.0 |      16 |       0 |   0.0
        D:2 |      51 |       0 |   0.0 |      21 |       0 |   0.0
        D:3 |      70 |       0 |   0.0 |      14 |       0 |   0.0
        D:4 |     180 |     168 |  48.3 |      22 |       3 |  12.0
            +---------+---------+-------+---------+---------+-------
